 Dungeon Crawl Stone Soup version 0.30-a0-339-g89bb51ec76 (webtiles) character file.

Game seed: 5064268359143972844

105 Muataran the Chopper (level 4, 0/41 HPs)
             Began as a Hill Orc Monk on Oct 31, 2022.
             Slain by an iguana (7 damage)
             ... on level 4 of the Dungeon.
             The game lasted 00:03:04 (2303 turns).

Muataran the Chopper (Hill Orc Monk)                Turns: 2303, Time: 00:03:04

Health: 0/41       AC:  8    Str: 15    XL:     4   Next: 83%
Magic:  4/4        EV:  7    Int: 10    God:
Gold:   194        SH:  0    Dex: 13    Spells: 3/3 levels left

rFire   . . .      SeeInvis .    a - +0 hand axe
rCold   . . .      Faith    .    (no shield)
rNeg    . . .      Spirit   .    j - +0 chain mail
rPois   .          Reflect  .    (no helmet)
rElec   .          Harm     .    (no cloak)
rCorr   .          Rampage  .    (no gloves)
Will    .....                    (no boots)
Stlth   ..........               (no amulet)
HPRegen 0.26/turn                (no ring)
MPRegen 0.09/turn                (no ring)

@: no status effects
A: no striking features
a: no special abilities


You were on level 4 of the Dungeon.
You visited 1 branch of the dungeon, and saw 4 of its levels.

You collected 194 gold pieces.

Inventory:

Hand Weapons
 a - a +0 hand axe (weapon)
Missiles
 b - 2 throwing nets (quivered)
Armour
 j - a +0 chain mail (worn)
Jewellery
 v - a ring of protection from cold
Scrolls
 e - a scroll of enchant armour {unknown}
 f - a scroll of silence {unknown}
 g - a scroll of fear {unknown}
 h - 2 scrolls of amnesia {unknown}
 i - a scroll of magic mapping {unknown}
 k - 2 scrolls of identify {unknown}
 l - a scroll of noise {unknown}
 m - a scroll of enchant weapon {unknown}
 q - 2 scrolls of teleportation {unknown}
Potions
 c - a potion of ambrosia
 d - 2 potions of degeneration {unknown}
 n - a potion of haste {unknown}
 o - a potion of might {unknown}
 p - a potion of heal wounds {unknown}
 r - a potion of invisibility {unknown}
 s - a potion of berserk rage {unknown}
 t - a potion of curing
 u - 2 potions of lignification {unknown}


   Skills:
 + Level 4.4 Fighting
 * Level 5.8 Axes
 + Level 2.1 Armour
 - Level 2.4 Dodging
 - Level 1.5 Stealth


You had 3 spell levels left.
You didn't know any spells.
Your spell library contained the following spells:

 Spells                   Type           Power      Damage    Failure   Level
 Sublimation of Blood     Necr           0%         N/A       100%        2
 Gell's Gravitas          Tloc           0%         N/A       100%        3
 Lesser Beckoning         Tloc           0%         N/A       100%        3
 Teleport Other           Tloc           0%         N/A       100%        3
 Petrify                  Tmut/Erth      0%         N/A       100%        4
 Irradiate                Conj/Tmut      0%         3d11      100%        5
 Dispersal                Tloc           0%         N/A       100%        6


Dungeon Overview and Level Annotations

Branches:
Dungeon (4/15)
 Temple: D:4-7

Altars:
Nemelex Xobeh


Message History

The iguana bites you!
You closely miss the iguana.
The iguana is moderately wounded.
The iguana bites you.
You hit the iguana but do no damage. You punch the iguana, but do no damage.
The iguana is moderately wounded.
The iguana barely misses you.
You hit the iguana but do no damage.
The iguana is moderately wounded.
The iguana bites you!
You closely miss the iguana.
The iguana is moderately wounded.
The iguana completely misses you.
You closely miss the iguana.
The iguana is moderately wounded.
The iguana barely misses you.
You hit the iguana.
The iguana is heavily wounded.
The iguana barely misses you.
You hit the iguana but do no damage.
The iguana is heavily wounded.
The iguana bites you!
You completely miss the iguana.
The iguana is heavily wounded.
The iguana closely misses you.
You hit the iguana but do no damage.
The iguana is heavily wounded.
The iguana bites you.
* * * LOW HITPOINT WARNING * * *
You hit the iguana but do no damage.
The iguana is heavily wounded.
The iguana bites you but does no damage.
You barely miss the iguana.
The iguana is heavily wounded.
The iguana bites you.
* * * LOW HITPOINT WARNING * * *
You hit the iguana.
The iguana is heavily wounded.
The iguana bites you!
You die...

............................
#..).......#.##...#.###.#.##.
#.............+...'..........
#..........####...#.###.#....
###+######.# #...#.# .....#.
#. #...#.######.#. #. #...#.#
#.#. ######†########.# ###...
.......l@..# #.# #...##
.#####.###.####.####.#.##
#...................
#######.####..........
...............####.##
....###.#####.......# ..
...#.# #....###.... #.#.#
#.##'###.### #...###.....##.#


You could see an iguana.

Vanquished Creatures
  A gnoll (D:1)
  4 adders
  A worm (D:4)
  2 dart slugs (D:2)
  4 orcs
  7 ball pythons
  3 endoplasms
  2 giant cockroaches
  4 hobgoblins
  3 bats
  7 goblins
  6 kobolds
  4 rats
48 creatures vanquished.

Notes
Turn   | Place    | Note
-------+----------+-------------------------------------------
     0 | D:1      | Muataran the Hill Orc Monk began the quest for the Orb.
     0 | D:1      | Reached XP level 1. HP: 19/19 MP: 1/1
   144 | D:1      | Reached XP level 2. HP: 17/27 MP: 2/2
   304 | D:1      | Reached skill level 1 in Armour
   563 | D:1      | Reached XP level 3. HP: 33/33 MP: 3/3
  1079 | D:2      | Reached skill level 5 in Axes
  1370 | D:2      | Reached XP level 4. HP: 34/40 MP: 4/4
  1532 | D:3      | Found a sparkling altar of Nemelex Xobeh.
  2303 | D:4      | Slain by an iguana

Illustrated notes

Levels and vault maps discovered:
D:1:      erik_arrival_orb_chamber, layout_basic
D:2:      layout_loops_cross, basic_altar, minmay_pentomino_s4
D:3:      layout_basic, nemelex_spade_bored_becter
D:4:      layout_basic, old_standard_altar, grunt_ministairs_12,
          minmay_misc_feat_encased

Skill      XL: |  1  2  3  4 |
---------------+-------------+-----
Armour         | 1 2 |  2.1
Fighting       | 4 |  4.4
Axes           | 5 |  5.8
Dodging        | |  2.4
Stealth        | |  1.5

Action                   |  1- 3 |  4- 6 || total
-------------------------+-------+-------++-------
Melee: Hand axe          |    97 |   100 ||   197
       Punch             |     1 |     2 ||     3
Armor: Robe              |     3 |       ||     3
       Ring mail         |     7 |       ||     7
       Chain mail        |    29 |    42 ||    71
Dodge: Dodged            |    53 |    47 ||   100

Table legend: (Time is in decaauts)
 A = Elapsed time spent in this place.
 B = Non-inter-level travel time spent in this place.
 C = Inter-level travel time spent in this place.
 D = Time resting spent in this place.
 E = Time spent auto-exploring this place.
 F = Levels seen in this place.
 G = Mean time per level.
                   A        B        C        D        E       F      G
               +--------+--------+--------+--------+--------+-----+--------+
         Total |   2312 |   2221 |     91 |    119 |   1701 |   4 |  578.0 |
       Dungeon |   2312 |   2221 |     91 |    119 |   1701 |   4 |  578.0 |
               +--------+--------+--------+--------+--------+-----+--------+

Top non-repeatable levels by time:
     D:1: 945 daAuts
     D:3: 701 daAuts
     D:2: 428 daAuts
     D:4: 237 daAuts
